 Dungeon Crawl Stone Soup version 0.26-a0-597-gb535b0901c (webtiles) character file.

Game seed: 2417292356931512269

93 Azzok the Cudgeler (level 4, -7/40 HPs)
             Began as a Palentonga Fighter on Aug 27, 2020.
             Mangled by Crazy Yiuf
             ... wielding a +2 quarterstaff of chaos
              (18 damage)
             ... on level 3 of the Dungeon.
             The game lasted 00:02:21 (2683 turns).

Azzok the Cudgeler (Palentonga Fighter)             Turns: 2683, Time: 00:02:22

Health: -7/40      AC:  6    Str: 21    XL:     4   Next: 37%
Magic:  4/4        EV:  5    Int:  8    God:
Gold:   82         SH:  8    Dex:  9    Spells: 3/3 levels left

rFire    . . .     SeeInvis +   a - +0 flail
rCold    . . .     Faith    .   c - +0 kite shield
rNeg     . . .     Spirit   .   b - +0 scale mail
rPois    .         Reflect  .   (no helmet)
rElec    .         Harm     .   (no cloak)
rCorr    .                      (no gloves)
MR       .....                  (no barding)
Stlth    ..........             (no amulet)
HPRegen  0.13/turn              (no ring)
MPRegen  0.09/turn              (no ring)

@: lethally poisoned (-7 -> -13), lightly drained
A: large, rugged brown scales 3, see invisible, deformed body, roll, armoured
tail
a: Rolling Charge


You were on level 3 of the Dungeon.
You visited 1 branch of the dungeon, and saw 3 of its levels.

You collected 82 gold pieces.

Inventory:

Hand Weapons
 a - a +0 flail (weapon)
Armour
 b - a +0 scale mail (worn)
 c - a +0 kite shield (worn)
Scrolls
 e - 2 scrolls of amnesia {unknown}
 f - a scroll of enchant weapon {unknown}
 g - 2 scrolls of identify {unknown}
 i - a scroll of remove curse {unknown}
 j - a scroll of enchant armour {unknown}
 k - 3 scrolls of teleportation {unknown}
 m - a scroll of magic mapping {unknown}
Potions
 d - 2 potions of might
 h - 3 potions of mutation {unknown}
 l - a potion of flight {unknown}


   Skills:
 - Level 3.0(2.7) Fighting
 + Level 4.7(4.4) Maces & Flails
 - Level 2.4(2.1) Armour
 - Level 2.4(2.1) Shields


You had 3 spell levels left.
You didn't know any spells.
Your spell library was empty.

Dungeon Overview and Level Annotations

Branches:
Dungeon (3/15)

Altars:
Ashenzari
Fedhas
Qazlal
Ru

Annotations:
D:3 Crazy Yiuf


Innate Abilities, Weirdness & Mutations

You are completely covered in rugged brown scales. (AC +3, +7% HP)
You have supernaturally acute eyesight. (SInv)
Armour fits poorly on your strangely shaped body.
You can roll at foes to attack.
You have a long armoured tail.


Message History

Crazy Yiuf is heavily wounded.
Crazy Yiuf yells, "Aardvark pizzabubble song!"
Crazy Yiuf hits you with a +2 quarterstaff of chaos!
Crazy Yiuf freezes you.
You hit Crazy Yiuf.
Crazy Yiuf is heavily wounded.
Crazy Yiuf hits you with a +2 quarterstaff of chaos.
You are poisoned.
You hit Crazy Yiuf.
Your tail-slap misses Crazy Yiuf.
Crazy Yiuf is severely wounded.
You feel sick. Crazy Yiuf hits you but does no damage.
You are electrocuted!
You completely miss Crazy Yiuf.
Crazy Yiuf is severely wounded.
You feel sick. You block Crazy Yiuf's attack.
You closely miss Crazy Yiuf.
Crazy Yiuf is severely wounded.
Crazy Yiuf hits you with a +2 quarterstaff of chaos.
* * * LOW HITPOINT WARNING * * *
Space warps horribly around you!!
You die...

▒····▒▒▒▒▒▒▒▒▒▒·▒·▒ ▒▒··▒▒
▒·▒·▒ ♣···♣ ▒·▒·▒ ♣···♣
▒···· ♣♣·♣♣ ▒·▒·▒ ♣♣·♣
▒·▒·▒ ♣·♣♣ ▒·▒·▒ ♣♣·♣
▒▒▒▒▒▒▒▒·▒·▒ ♣@♣♣
▒········▒·· ▒▒▒▒ ▒g▒
▒···▒▒▒▒▒▒▒▒ ▒▒ ▒▒··▒ ···
▒····▒▒▒▒▒▒ ·▒ ▒▒···▒▒
▒···▒ ▒·········▒
·▒▒▒▒··▒·[▒ ▒)··▒
▒·····▒▒▒▒▒ ······▒▒▒·▒▒
▒▒▒▒▒ ▒·<··▒▒ ···········▒
▒····▒
·▒▒·▒▒▒▒▒·▒▒▒▒▒▒▒▒▒▒▒▒····▒
··▒····▒▒·······▒·········▒


You could see Crazy Yiuf.

Vanquished Creatures
  3 adders
  2 worms (D:2)
  A dart slug (D:1)
  2 leopard geckos
  3 giant cockroaches
  A goblin (D:1)
  11 hobgoblins
  6 kobolds
  A quokka (D:2)
  2 ball pythons (D:2)
  12 bats
  7 frilled lizards
  4 rats
55 creatures vanquished.

Notes
Turn   | Place    | Note
-------+----------+-------------------------------------------
     0 | D:1      | Azzok the Palentonga Fighter began the quest for the Orb.
     0 | D:1      | Reached XP level 1. HP: 20/20 MP: 1/1
   321 | D:1      | Reached XP level 2. HP: 25/27 MP: 2/2
   381 | D:1      | Reached skill level 3 in Maces & Flails
   908 | D:2      | Found a stormy altar of Qazlal.
   955 | D:2      | Reached XP level 3. HP: 33/33 MP: 3/3
  1267 | D:2      | Reached skill level 4 in Maces & Flails
  2048 | D:3      | Found a blossoming altar of Fedhas.
  2072 | D:3      | Reached XP level 4. HP: 39/40 MP: 4/4
  2204 | D:3      | Found a sacrificial altar of Ru.
  2416 | D:3      | Found a shattered altar of Ashenzari.
  2666 | D:3      | Found a runed translucent door.
  2667 | D:3      | Noticed Crazy Yiuf
  2683 | D:3      | Mangled by Crazy Yiuf

Illustrated notes

Levels and vault maps discovered:
D:1:      lemuel_arrival_room, layout_rooms, minmay_misc_feat_five,
          minmay_misc_feat_more_columns, roderic_lattice_a
D:2:      layout_basic, grunt_qazlal_clouds
D:3:      layout_rooms, lemuel_crystal_altar, nicolae_ru_sacrificial_ziggurat,
          lemuel_round_altar, kennysheep_generic_room_12,
          uniq_crazy_yiuf_cottage

Skill      XL: |  1  2  3 |
---------------+----------+-----
Maces & Flails | 3 4 |  4.7
Fighting       | |  3.0
Armour         | |  2.4
Shields        | |  2.4

Action                   |  1- 3 |  4- 6 || total
-------------------------+-------+-------++-------
Melee: Flail             |   130 |    52 ||   182
       Tailslap          |    13 |     1 ||    14
Armor: Scale mail        |    89 |    33 ||   122
Dodge: Dodged            |    37 |    12 ||    49
Block: Kite shield       |    80 |    32 ||   112

Table legend: (Time is in decaauts)
 A = Elapsed time spent in this place.
 B = Non-inter-level travel time spent in this place.
 C = Inter-level travel time spent in this place.
 D = Time resting spent in this place.
 E = Time spent auto-exploring this place.
 F = Levels seen in this place.
 G = Mean time per level.
                   A        B        C        D        E       F      G
               +--------+--------+--------+--------+--------+-----+--------+
         Total |   2736 |   2721 |     15 |     35 |   2251 |   3 |  912.0 |
       Dungeon |   2736 |   2721 |     15 |     35 |   2251 |   3 |  912.0 |
               +--------+--------+--------+--------+--------+-----+--------+

Top non-repeatable levels by time:
     D:2: 1235 daAuts
     D:1: 816 daAuts
     D:3: 684 daAuts
